[Event "December 12 Late 2023"]
[Site "https://www.chess.com"]
[Date "2023.12.12"]
[Round "5"]
[White "Matinian, Nikita"]
[Black "Yandarbiev, Ruslan"]
[Result "1-0"]
[Board "61"]
[TimeControl "180+1"]
[WhiteFideId "24129100"]
[BlackFideId "4115023"]
[WhiteElo "2766"]
[BlackElo "2500"]
[WhiteTeam "FID"]
[BlackTeam "RUS"]
[WhiteClock "0:02:31"]
[BlackClock "0:01:00"]

1. e4 e5 2. Nf3 Nc6 3. Bb5 g6 4. Nc3 Bg7 5. d4 Nxd4 6. Bc4 c6 7. Bg5 Ne7 8. h4 h6 9. Be3 Ne6 10. Qd6 Qc7 11. Qxc7 Nxc7 12. a4 d5 13. exd5 cxd5 14. Nb5 Nxb5 15. Bxb5+ Bd7 16. Bc5 Nc6 17. O-O-O Be6 18. Rhe1 f6 19. Nd4 Bd7 20. f4 Nxd4 21. Bxd4 Bxb5 22. fxe5 f5 23. axb5 Kd7 24. e6+ 1-0

[Event "December 12 Late 2023"]
[Site "https://www.chess.com"]
[Date "2023.12.12"]
[Round "5"]
[White "Korchmar, Vasiliy"]
[Black "Gasparyan, David"]
[Result "1-0"]
[Board "62"]
[TimeControl "180+1"]
[WhiteFideId "24131750"]
[BlackFideId "13311980"]
[WhiteElo "2754"]
[BlackElo "2497"]
[WhiteTeam "RUS"]
[BlackTeam "USA"]
[WhiteClock "0:00:43"]
[BlackClock "0:00:01"]

1. e4 c5 2. d4 cxd4 3. Qxd4 Nf6 4. Nc3 Nc6 5. Qd3 e6 6. Nf3 a6 7. Bf4 Bb4 8. O-O-O Qa5 9. Bd6 b5 10. e5 Bxc3 11. bxc3 Nd5 12. c4 Nc3 13. Kb2 Nxd1+ 14. Qxd1 Bb7 15. Ng5 bxc4 16. Qf3 c3+ 17. Ka1 f6 18. exf6 Nd8 19. fxg7 Nf7 20. Qxf7+ 1-0

[Event "December 12 Late 2023"]
[Site "https://www.chess.com"]
[Date "2023.12.12"]
[Round "5"]
[White "ChessSG1"]
[Black "Rastbod, Ali"]
[Result "0-1"]
[Board "63"]
[TimeControl "180+1"]
[BlackFideId "12567477"]
[WhiteElo "2488"]
[BlackElo "2736"]
[BlackTeam "IRI"]
[WhiteClock "0:00:00"]
[BlackClock "0:01:05"]

1. Nf3 c5 2. c4 Nc6 3. Nc3 g6 4. g3 Bg7 5. Bg2 d6 6. O-O Bf5 7. d3 Qd7 8. Bd2 Bh3 9. a3 h5 10. Bxh3 Qxh3 11. Ng5 Qd7 12. h4 Nh6 13. Rb1 Nf5 14. Nf3 O-O 15. b4 b6 16. Nd5 e6 17. Ne3 Rfe8 18. Nxf5 exf5 19. Ne1 Ne5 20. Ng2 Nc6 21. Nf4 Rac8 22. e3 Qd8 23. Nd5 Ne7 24. Qf3 Nxd5 25. Qxd5 Qe7 26. Rbc1 Qe6 27. Qxe6 fxe6 28. Kg2 Kf7 29. Kf3 Red8 30. Bc3 d5 31. Bxg7 Kxg7 32. cxd5 Rxd5 33. Rc3 Rcd8 34. bxc5 Rxc5 35. Rxc5 bxc5 36. Ke2 Rb8 37. Rc1 Rb2+ 38. Kf3 Rb5 39. a4 Ra5 40. Rc4 Kf6 41. Ke2 Ke5 42. Kd2 Kd5 43. Kc3 Ra6 44. d4 cxd4+ 45. Rxd4+ Ke5 46. Rd7 Ke4 47. Rg7 e5 48. Kd2 Kf3 49. Re7 e4 0-1

[Event "December 12 Late 2023"]
[Site "https://www.chess.com"]
[Date "2023.12.12"]
[Round "5"]
[White "Pakleza, Zbigniew"]
[Black "Cervantes Landeiro, Thalia"]
[Result "1-0"]
[Board "64"]
[TimeControl "180+1"]
[WhiteFideId "1119290"]
[BlackFideId "3520498"]
[WhiteElo "2707"]
[BlackElo "2488"]
[WhiteTeam "POL"]
[BlackTeam "USA"]
[WhiteClock "0:00:08"]
[BlackClock "0:00:07"]

1. d4 Nf6 2. Nf3 g6 3. Bf4 Bg7 4. e3 d5 5. Be2 O-O 6. O-O c5 7. c3 b6 8. Nbd2 Bb7 9. h3 Nc6 10. Bh2 Nd7 11. Nb3 e5 12. a4 cxd4 13. cxd4 e4 14. Ne1 f5 15. a5 bxa5 16. Qd2 g5 17. Nxa5 Nxa5 18. Ra3 Nc4 19. Bxc4 dxc4 20. Nc2 Nb6 21. Rfa1 a6 22. Ra5 Rc8 23. Qb4 f4 24. Rc5 Qd6 25. Rxg5 Qxb4 26. Nxb4 h6 27. Rg6 Rf6 28. Rxf6 Bxf6 29. Bxf4 Ra8 30. Bxh6 a5 31. Nc2 a4 32. Bf4 Nd5 33. Bd6 Be7 34. Ba3 Bxa3 35. Nxa3 c3 36. bxc3 Nxc3 37. g4 Bd5 38. Kg2 Bb3 39. Rc1 Na2 40. Rc7 Nb4 41. h4 Nd3 42. g5 Rf8 43. g6 Rxf2+ 44. Kg3 Rf3+ 45. Kg4 Nf2+ 46. Kg5 Nh3+ 47. Kh6 Nf2 48. Nb5 Ng4+ 49. Kg5 Nf6 50. Nd6 Be6 51. h5 Kf8 52. Ra7 Ne8 53. Ra8 Bd7 54. h6 Rg3+ 55. Kh5 Rh3+ 56. Kg5 Rg3+ 57. Kh5 Ke7 58. h7 Rh3+ 59. Kg5 Rg3+ 60. Kh6 Nxd6 61. h8=Q Rh3+ 62. Kg5 Rxh8 63. Rxh8 Ne8 64. Kh6 a3 65. g7 Nxg7 66. Kxg7 a2 67. Rh1 Be6 68. Ra1 Bb3 69. Kg6 Kd6 70. Kf5 Kd5 71. Kf4 Bc4 72. Rc1 Bb3 73. Kf5 Bc2 74. Ra1 Bb1 75. Kf4 Kc4 76. Ke5 Kb3 77. d5 Kb2 78. Rxa2+ Bxa2 79. d6 Kc3 80. d7 Kd3 81. Kf4 Ke2 82. d8=Q Kf2 83. Qd4 Bb1 84. Qd2+ Kf1 85. Kg3 Bd3 86. Qf2# 1-0

[Event "December 12 Late 2023"]
[Site "https://www.chess.com"]
[Date "2023.12.12"]
[Round "5"]
[White "Rangel, Daniel"]
[Black "Nagare Kaivalya Sandip"]
[Result "0-1"]
[Board "65"]
[TimeControl "180+1"]
[WhiteFideId "2124475"]
[BlackFideId "25957929"]
[WhiteElo "2487"]
[BlackElo "2668"]
[WhiteTeam "BRA"]
[BlackTeam "IND"]
[WhiteClock "0:01:10"]
[BlackClock "0:01:16"]

1. c4 Nf6 2. g3 g6 3. Bg2 Bg7 4. Nc3 O-O 5. e4 e5 6. Nge2 Nc6 7. O-O d6 8. d3 Bg4 9. h3 Be6 10. Be3 Qd7 11. Kh2 Nh5 12. g4 Nf6 13. f4 Bxg4 14. fxe5 Nxe5 15. Bg5 Bxe2 16. Qxe2 Nh5 17. Nd5 f6 18. Bh4 c6 19. Ne3 Rae8 20. Nf5 gxf5 21. Rxf5 Nf4 22. Rxf4 f5 23. Raf1 Ng6 24. Qh5 Nxf4 25. Rxf4 Be5 26. Qg5+ Qg7 27. Bg3 Qxg5 0-1

[Event "December 12 Late 2023"]
[Site "https://www.chess.com"]
[Date "2023.12.12"]
[Round "5"]
[White "Piesik, Piotr"]
[Black "Yashmetov, Mikhail"]
[Result "1-0"]
[Board "66"]
[TimeControl "180+1"]
[WhiteFideId "1136194"]
[BlackFideId "24198900"]
[WhiteElo "2660"]
[BlackElo "2484"]
[WhiteTeam "CZE"]
[BlackTeam "RUS"]
[WhiteClock "0:00:10"]
[BlackClock "0:00:04"]

1. Nf3 Nf6 2. g3 g6 3. Bg2 Bg7 4. O-O O-O 5. d4 d5 6. c4 c6 7. Nc3 dxc4 8. a4 Nbd7 9. a5 Nd5 10. Qa4 b5 11. axb6 N7xb6 12. Qxc6 Bd7 13. Qc5 Rc8 14. Qa5 Bc6 15. Bd2 Rc7 16. Nb5 Bxb5 17. Qxb5 Qd7 18. Qxd7 Rxd7 19. e4 Nf6 20. Rfe1 Rfd8 21. Bc3 Ne8 22. Ra5 Nd6 23. h4 f5 24. Ng5 fxe4 25. Ne6 Rb8 26. Nxg7 Kxg7 27. d5+ Kf7 28. Be5 Rbb7 29. Rea1 Rbc7 30. Bh3 Rd8 31. Be6+ Kf8 32. Rxa7 Rxa7 33. Rxa7 Nf7 34. Bxf7 Kxf7 35. Bc7 Nc8 36. Ra8 Rxd5 37. Rxc8 Rc5 38. Kf1 Ke6 39. Ke2 Kd7 40. Rh8 Rxc7 41. Rxh7 Rb7 42. Ke3 Rxb2 43. Rg7 Kd6 44. Rxg6+ Kd5 45. Rg8 Rb3+ 46. Ke2 Kd4 47. Rd8+ Kc3 48. h5 Rb2+ 49. Ke3 Rb1 50. g4 Rg1 51. Kf4 e5+ 52. Kg5 Rg2 53. h6 Rxf2 54. h7 Rh2 55. h8=Q Rxh8 56. Rxh8 e3 57. Re8 Kd4 58. Kf5 e2 59. Rxe5 Kd3 60. g5 c3 61. g6 c2 62. g7 c1=Q 63. g8=Q Qf1+ 64. Ke6 Qh3+ 65. Kd6 Qh6+ 66. Re6 Qh2+ 67. Kd7 Qh3 68. Qg6+ Kd2 69. Qg5+ Kc2 70. Qc5+ Kd1 71. Qd4+ Ke1 72. Qg1+ Kd2 73. Qd4+ Ke1 74. Qb4+ Kf2 75. Qf4+ Ke1 76. Qe5 Qd3+ 77. Ke8 Kd1 78. Rd6 Qxd6 79. Qxd6+ Kc2 80. Qe5 Kd3 81. Qd5+ Ke3 82. Qe5+ Kf2 83. Qf4+ Kg2 84. Qe3 Kf1 85. Qf3+ Ke1 86. Ke7 Kd2 87. Qd5+ Ke3 88. Qe5+ Kd3 89. Kf6 Kd2 90. Qd4+ Kc2 91. Qe3 Kd1 92. Qd3+ Ke1 93. Kf5 Kf2 94. Qd4+ Kf3 95. Qg1 e1=Q 96. Qxe1 Kg2 97. Kf4 Kh3 98. Qh1# 1-0

[Event "December 12 Late 2023"]
[Site "https://www.chess.com"]
[Date "2023.12.12"]
[Round "5"]
[White "yaguigor"]
[Black "Karttunen, Mika"]
[Result "1-0"]
[Board "67"]
[TimeControl "180+1"]
[BlackFideId "502081"]
[WhiteElo "2470"]
[BlackElo "2650"]
[BlackTeam "FIN"]
[WhiteClock "0:00:01"]
[BlackClock "0:00:08"]

1. e4 c5 2. Nf3 d6 3. d4 cxd4 4. Nxd4 Nf6 5. Nc3 a6 6. f3 e5 7. Nb3 h6 8. Be3 Be6 9. Qd2 Nbd7 10. O-O-O b5 11. g4 b4 12. Nd5 Bxd5 13. exd5 a5 14. Kb1 a4 15. Nc1 Ra5 16. Qxb4 Nxd5 17. Rxd5 Rxd5 18. Qxa4 Ra5 19. Qc6 d5 20. Bb5 d4 21. Bd2 Ra7 22. Re1 Qb8 23. f4 Be7 24. Rxe5 Kf8 25. Rxe7 Kxe7 26. Bb4+ Kd8 27. Ba5+ Ke7 28. Qe4+ Kf8 29. Bb4+ Kg8 30. a4 Nf6 31. Qf5 Qd8 32. g5 hxg5 33. fxg5 Nd5 34. Bc5 g6 35. Qe4 Rc7 36. Bxd4 Rh5 37. Qe5 Qf8 38. Be2 Re7 39. Qxd5 Rxe2 40. Nxe2 Rxh2 41. Nc3 Rh4 42. Qe5 Kh7 43. Ne4 Rh1+ 44. Ka2 Rh5 45. Nf6+ 1-0

[Event "December 12 Late 2023"]
[Site "https://www.chess.com"]
[Date "2023.12.12"]
[Round "5"]
[White "Bogaudinov, Rushan"]
[Black "Mendes Aaron Reeve"]
[Result "0-1"]
[Board "68"]
[TimeControl "180+1"]
[WhiteFideId "4129288"]
[BlackFideId "25954938"]
[WhiteElo "2469"]
[BlackElo "2641"]
[WhiteTeam "RUS"]
[BlackTeam "CAN"]
[WhiteClock "0:00:00"]
[BlackClock "0:00:15"]

1. d4 Nf6 2. Nf3 d6 3. e3 Nbd7 4. c4 b6 5. Nc3 Bb7 6. Be2 g6 7. O-O Bg7 8. b3 O-O 9. Bb2 Re8 10. a4 a5 11. Re1 e5 12. Nb5 Bxf3 13. Bxf3 e4 14. Be2 c6 15. Nxd6 Re6 16. Ba3 Bf8 17. c5 bxc5 18. dxc5 Nxc5 19. Bxc5 Bxd6 20. Bd4 Be5 21. Bxe5 Rxe5 22. Qxd8+ Rxd8 23. Rac1 Rd6 24. Rc2 Nd5 25. Rd1 Kf8 26. Kf1 Ke7 27. Ke1 Nb4 28. Rcd2 Rxd2 29. Rxd2 Rd5 30. Bc4 Rxd2 31. Kxd2 f5 32. Kc3 h6 33. h4 Kf6 34. Kd4 g5 35. hxg5+ hxg5 36. f3 Nc2+ 37. Kc5 Nxe3 38. Be2 Nxg2 39. b4 axb4 40. Kxb4 Nf4 41. a5 Nxe2 42. Kc5 exf3 43. a6 f2 44. a7 f1=Q 45. a8=Q Qf2+ 46. Kb4 Qd4+ 47. Kb3 Qc3+ 48. Ka2 Nc1+ 49. Kb1 Nd3 50. Qh8+ Ke6 51. Qxc3 Ne5 52. Kc2 f4 53. Qh3+ g4 54. Qh6+ Kf5 55. Qh7+ Kg5 56. Kd2 g3 57. Ke2 c5 58. Qe7+ Kf5 59. Qxc5 f3+ 60. Ke3 f2 61. Qc2+ Kg5 62. Ke2 Ng4 63. Qd2+ Kh4 64. Kf1 Nh2+ 65. Ke2 f1=Q+ 66. Ke3 Qf3+ 67. Kd4 Qf2+ 0-1

[Event "December 12 Late 2023"]
[Site "https://www.chess.com"]
[Date "2023.12.12"]
[Round "5"]
[White "Omelja, Artem"]
[Black "Nadeev, Sergey"]
[Result "1-0"]
[Board "69"]
[TimeControl "180+1"]
[WhiteFideId "14119846"]
[BlackFideId "4180038"]
[WhiteElo "2619"]
[BlackElo "2468"]
[WhiteTeam "UKR"]
[BlackTeam "RUS"]
[WhiteClock "0:00:05"]
[BlackClock "0:00:00"]

1. d4 Nf6 2. c4 c6 3. Nf3 d5 4. e3 Bf5 5. Nc3 e6 6. Be2 Nbd7 7. O-O Bd6 8. b3 O-O 9. Bb2 Re8 10. Rc1 Qe7 11. Qd2 dxc4 12. Bxc4 e5 13. d5 Nb6 14. dxc6 Nxc4 15. bxc4 bxc6 16. Rfd1 Bb4 17. Qe2 Bg4 18. h3 Bh5 19. g4 Bg6 20. Na4 Nd7 21. c5 e4 22. Nd4 Ne5 23. Kg2 Nd3 24. Rc4 Rac8 25. Qc2 h5 26. Rg1 hxg4 27. hxg4 Qh4 28. Qe2 Qg5 29. Kf1 Ba5 30. Bc3 Bxc3 31. Rxc3 Re5 32. Rg3 Rb8 33. Rb3 Rbe8 34. Rb7 Nxc5 35. Nxc5 Rxc5 36. Rxa7 Rc1+ 37. Kg2 c5 38. Nb3 Rc3 39. Qb2 Qe5 40. Ra5 f6 41. g5 f5 42. Rb5 Bh5 43. Nd2 Bf3+ 44. Nxf3 exf3+ 45. Rxf3 f4 46. Rxf4 Qxg5+ 47. Kf1 Rd3 48. Qe2 Red8 49. Rb1 Rd2 50. Qf3 Qg6 51. Re1 Qd3+ 52. Kg1 c4 53. Qc6 Rd6 54. Qxc4+ Qxc4 55. Rxc4 Rxa2 56. Rg4 1-0

[Event "December 12 Late 2023"]
[Site "https://www.chess.com"]
[Date "2023.12.12"]
[Round "5"]
[White "Serra Canals, Oriol"]
[Black "Ambartsumova, Karina"]
[Result "0-1"]
[Board "70"]
[TimeControl "180+1"]
[WhiteFideId "22276084"]
[BlackFideId "4166299"]
[WhiteElo "2464"]
[BlackElo "2617"]
[WhiteTeam "ESP"]
[BlackTeam "RUS"]
[WhiteClock "0:00:10"]
[BlackClock "0:00:35"]

1. d4 Nf6 2. c4 e6 3. Nf3 d5 4. Nc3 Bb4 5. Bg5 h6 6. Bxf6 Qxf6 7. cxd5 exd5 8. e3 O-O 9. Be2 Be6 10. O-O c6 11. a3 Bd6 12. b4 a6 13. Qb3 Nd7 14. Na4 b5 15. Nb2 Nb6 16. Nd3 Nc4 17. a4 Bg4 18. Ra2 Rfe8 19. Rfa1 Rac8 20. axb5 axb5 21. Ra6 Qf5 22. Qd1 Bxf3 23. Bxf3 Qg5 24. g3 g6 25. h4 Qf6 26. Bg4 Rc7 27. Ra8 Re7 28. R1a6 Rxa8 29. Rxa8+ Kg7 30. Rc8 Nxe3 31. fxe3 Rxe3 32. Ne5 Rxg3+ 33. Kh2 Qxh4+ 0-1

[Event "December 12 Late 2023"]
[Site "https://www.chess.com"]
[Date "2023.12.12"]
[Round "5"]
[White "Mirzoev, Azer"]
[Black "Mazurkiewicz, Michal"]
[Result "0-1"]
[Board "71"]
[TimeControl "180+1"]
[WhiteFideId "13400304"]
[BlackFideId "1124943"]
[WhiteElo "2615"]
[BlackElo "2459"]
[WhiteTeam "AZE"]
[BlackTeam "POL"]
[WhiteClock "0:00:04"]
[BlackClock "0:00:10"]

1. Nf3 Nf6 2. c4 g6 3. g3 Bg7 4. Bg2 O-O 5. O-O c5 6. a3 Nc6 7. d3 d6 8. Nc3 Rb8 9. Bg5 h6 10. Bd2 b6 11. Rb1 Bb7 12. b4 e6 13. b5 Nd4 14. e3 Nxf3+ 15. Bxf3 d5 16. cxd5 exd5 17. Ne2 Re8 18. d4 Ne4 19. a4 Rc8 20. Bg2 h5 21. Be1 h4 22. Nf4 cxd4 23. exd4 Rc4 24. Ne2 Qe7 25. Rb2 Bc8 26. f3 h3 27. Bh1 Nd6 28. Bf2 Nf5 29. Qd3 Ne3 30. Re1 Bf5 31. Qd2 Nc2 32. f4 Nxe1 33. Bxe1 Qe3+ 34. Qxe3 Rxe3 35. Bxd5 Bxd4 36. Kf1 Bxb2 37. Bxc4 Bd3 38. Bxd3 Rxd3 39. Kf2 Bd4+ 40. Nxd4 Rxd4 41. a5 Rd5 42. axb6 axb6 43. g4 Rxb5 44. Kg3 Rb3+ 45. Kh4 b5 46. f5 gxf5 47. gxf5 Rb1 48. Bd2 b4 49. Kxh3 b3 50. Bc3 Rc1 51. Bf6 Rc6 52. Be5 Rc5 53. Bd4 Rxf5 54. Kg4 Rd5 55. Bf6 Rd2 56. h4 b2 0-1

[Event "December 12 Late 2023"]
[Site "https://www.chess.com"]
[Date "2023.12.12"]
[Round "5"]
[White "Arnold, Ken"]
[Black "Rojas Alarcon, Julian Antonio"]
[Result "0-1"]
[Board "72"]
[TimeControl "180+1"]
[WhiteFideId "2056836"]
[BlackFideId "5107407"]
[WhiteElo "2458"]
[BlackElo "2610"]
[WhiteTeam "USA"]
[BlackTeam "MEX"]
[WhiteClock "0:00:02"]
[BlackClock "0:00:49"]

1. d4 Nf6 2. Nf3 e6 3. g3 d5 4. Bg2 Be7 5. O-O O-O 6. b3 c5 7. e3 Nc6 8. Bb2 b6 9. dxc5 Ba6 10. Re1 Bxc5 11. Nc3 Rc8 12. Na4 Bb4 13. c3 Be7 14. Nd4 b5 15. Bf1 Qa5 16. Qe2 Nb8 17. Nxb5 Ne4 18. Rac1 Nd6 19. c4 dxc4 20. Nxd6 Bxd6 21. Qg4 e5 22. Bxc4 Bxc4 23. Red1 Be6 24. Qe2 Rxc1 25. Rxc1 Qd5 26. Rd1 Qc6 27. Nc3 Nd7 28. Nb5 Bb8 29. Qd3 Nf6 30. a4 Bh3 0-1

[Event "December 12 Late 2023"]
[Site "https://www.chess.com"]
[Date "2023.12.12"]
[Round "5"]
[White "Kavyev, Ruslan"]
[Black "Dmitrenko, Viktor"]
[Result "1/2-1/2"]
[Board "73"]
[TimeControl "180+1"]
[WhiteFideId "34110981"]
[BlackFideId "14110270"]
[WhiteElo "2592"]
[BlackElo "2455"]
[WhiteTeam "RUS"]
[BlackTeam "UKR"]
[WhiteClock "0:02:07"]
[BlackClock "0:00:02"]

1. e4 e6 2. d3 d5 3. Nd2 Nf6 4. Ngf3 Be7 5. g3 b6 6. Bg2 Bb7 7. e5 Nfd7 8. O-O c5 9. c3 Nc6 10. d4 Qc7 11. a3 a5 12. Re1 O-O 13. Nf1 Ba6 14. h4 b5 15. h5 b4 16. h6 g6 17. Bg5 Qd8 18. Qd2 bxc3 19. bxc3 Nb6 20. Qf4 cxd4 21. cxd4 Bxf1 22. Bxf1 a4 23. Bxe7 Qxe7 24. Nh2 f6 25. exf6 Qxf6 26. Qxf6 Rxf6 27. Ng4 Kf7 28. Nxf6 Kxf6 29. Rab1 Nc8 30. Bh3 Nxd4 31. Kg2 Nd6 32. Rbd1 N4f5 33. g4 Nxh6 34. g5+ Kxg5 35. Rxe6 Nhf5 36. Rxd5 Nc4 37. Bxf5 gxf5 38. Rd3 Rb8 39. Rc6 Ne5 40. Rg3+ Kf4 41. Ra6 Ng6 42. Rxa4+ Ke5 43. Re3+ Kf6 44. Ra6+ Kg5 45. Rg3+ Kf4 46. Ra7 Rb2 47. Rxh7 Ne5 48. Rh4+ Ng4 49. Rf3+ Kg5 50. Rh8 Ra2 51. Rg8+ Kh6 52. Rxf5 Ne3+ 53. Kh3 Nxf5 54. Kg4 Nd4 55. f4 Rxa3 56. Rd8 Nb5 57. Rd7 Kg6 58. Rb7 Nd4 59. Rb6+ Kf7 60. f5 Nxf5 61. Kxf5 Ra5+ 62. Ke4 Rc5 63. Kd4 Ra5 64. Kc4 Re5 65. Rh6 Rg5 66. Kd4 Rf5 67. Ke4 Rb5 68. Rc6 Ra5 69. Rb6 Rc5 70. Kd4 Ra5 71. Kc4 Rf5 72. Kb4 Re5 73. Rc6 Rf5 74. Kc4 Rg5 75. Kd4 Rf5 76. Ke4 Rg5 77. Rc7+ Ke6 78. Rc8 Rg4+ 79. Kf3 Ra4 80. Re8+ Kf5 81. Re1 Ra3+ 82. Kf2 Kf4 83. Rb1 Ra2+ 84. Kf1 Kf3 85. Rb3+ Kf4 86. Ke1 Rc2 87. Kd1 Rg2 88. Rb4+ Ke3 89. Rb8 Kf4 90. Re8 Kf3 91. Ke1 Kf4 92. Kf1 Rh2 93. Rf8+ Ke3 94. Kg1 Ra2 95. Re8+ Kf3 96. Kf1 Ra1+ 97. Re1 Rxe1+ 98. Kxe1 1/2-1/2

[Event "December 12 Late 2023"]
[Site "https://www.chess.com"]
[Date "2023.12.12"]
[Round "5"]
[White "Ladan, Nicholas"]
[Black "Ballester Llagaria, Luis Eduardo"]
[Result "1-0"]
[Board "74"]
[TimeControl "180+1"]
[WhiteFideId "30918855"]
[BlackFideId "2297620"]
[WhiteElo "2452"]
[BlackElo "2586"]
[WhiteTeam "USA"]
[BlackTeam "ESP"]
[WhiteClock "0:00:44"]
[BlackClock "0:00:10"]

1. d4 d5 2. Nf3 Nf6 3. Bf4 c5 4. e3 Nc6 5. Nbd2 Bf5 6. dxc5 e6 7. Nd4 Bg6 8. Bb5 Rc8 9. b4 Nd7 10. Nxc6 bxc6 11. Ba6 e5 12. Bxc8 Qxc8 13. Bg3 Be7 14. O-O O-O 15. c4 Nf6 16. cxd5 Nxd5 17. Qb3 e4 18. Nc4 h5 19. Bd6 Re8 20. Bxe7 Rxe7 21. Nd6 Qg4 22. h3 Qg5 23. Rfd1 h4 24. b5 Bh5 25. Kh1 Bf3 26. gxf3 Qh5 27. Rg1 Qxf3+ 28. Rg2 Re6 29. Kh2 Qf6 30. bxc6 Qe5+ 31. Kg1 Qxa1+ 32. Kh2 Qe5+ 33. Kh1 Re8 34. Nxe8 1-0

[Event "December 12 Late 2023"]
[Site "https://www.chess.com"]
[Date "2023.12.12"]
[Round "5"]
[White "Aghasiyev, Kamal"]
[Black "Weisz, Bryan"]
[Result "1-0"]
[Board "75"]
[TimeControl "180+1"]
[WhiteFideId "13402854"]
[BlackFideId "30934133"]
[WhiteElo "2580"]
[BlackElo "2451"]
[WhiteTeam "AZE"]
[BlackTeam "USA"]
[WhiteClock "0:00:04"]
[BlackClock "0:00:00"]

1. d4 Nf6 2. c4 e6 3. Nc3 d5 4. Bg5 c5 5. Bxf6 Qxf6 6. e3 cxd4 7. exd4 Bb4 8. Nf3 O-O 9. Rc1 Nc6 10. Be2 dxc4 11. O-O Rd8 12. Ne4 Qf4 13. Ng3 Nxd4 14. Nxd4 Qxd4 15. Qa4 Qb6 16. Rxc4 Be7 17. Qc2 e5 18. Nf5 Bf6 19. Bg4 Be6 20. Rc3 e4 21. Rg3 Qxb2 22. Qxe4 Qxa2 23. Nh6+ Kh8 24. Bxe6 Qxe6 25. Qxe6 fxe6 26. Nf7+ Kg8 27. Nxd8 Bxd8 28. Rd1 a5 29. Rd7 Bf6 30. Rxb7 a4 31. Ra3 Kf8 32. Rb4 Rc8 33. g3 Be7 34. Rf4+ Ke8 35. Raxa4 Bf6 36. Rfe4 Rc6 37. Ra7 Rd6 38. Kf1 Rb6 39. Kg2 Rd6 40. h4 h5 41. Ra5 g6 42. Ra7 Rb6 43. Rc4 Rd6 44. Rc8+ Bd8 45. Raa8 Ke7 46. Ra7+ Kf6 47. Rh7 Rd5 48. Rh8 Bb6 49. Rcf8+ Kg7 50. Rhg8+ Kh7 51. Re8 Rd2 52. Rgf8 Rd6 53. Rf3 Bd4 54. Ref8 e5 55. R8f7+ Kg8 56. Re7 Rc6 57. Ra3 Rc8 58. Ra6 Rc2 59. Ra8+ 1-0

[Event "December 12 Late 2023"]
[Site "https://www.chess.com"]
[Date "2023.12.12"]
[Round "5"]
[White "Sivakumar, Shaaketh"]
[Black "Urbina Perez, Juan Antonio"]
[Result "1-0"]
[Board "76"]
[TimeControl "180+1"]
[WhiteFideId "30940176"]
[BlackFideId "2217368"]
[WhiteElo "2578"]
[BlackElo "2448"]
[WhiteTeam "USA"]
[BlackTeam "ESP"]
[WhiteClock "0:00:34"]
[BlackClock "0:00:00"]

1. Nf3 d5 2. c4 c6 3. g3 Nf6 4. Bg2 dxc4 5. a4 a5 6. Na3 Be6 7. Qc2 Na6 8. O-O g6 9. Nxc4 Nb4 10. Qc3 Bg7 11. b3 O-O 12. Bb2 Bxc4 13. Qxc4 Qd5 14. d3 Nd7 15. d4 Qxc4 16. bxc4 Rfe8 17. Rfd1 e5 18. d5 cxd5 19. cxd5 e4 20. Nd4 Nxd5 21. Rab1 Nb4 22. Nb5 Red8 23. Bxg7 Kxg7 24. Bxe4 Nc5 25. Bf3 Nxa4 26. Rxd8 Rxd8 27. Ra1 Nc5 28. Rxa5 b6 29. Ra7 Rd7 30. Ra8 Nd5 31. Rb8 Na4 32. h4 h5 33. Kg2 Nac3 34. Nxc3 Nxc3 35. Rxb6 Rd2 36. Kf1 Rd1+ 37. Kg2 Rd2 38. e3 Nd1 39. Bxd1 Rxd1 40. Rb2 Rd6 41. e4 Rf6 42. f3 Rc6 43. Kf2 Rc3 44. Re2 Rb3 45. Rd2 Rc3 46. Ke2 Rb3 47. Rd3 Rb2+ 48. Ke3 Rg2 49. Kf4 Re2 50. Re3 Ra2 51. Kg5 f6+ 52. Kf4 Ra5 53. Rc3 g5+ 54. hxg5 fxg5+ 55. Ke3 h4 56. gxh4 gxh4 57. Kf4 h3 58. Rc2 Rh5 59. Rh2 Kf6 60. Kg3 Ke5 61. Rxh3 Rg5+ 62. Kf2 Kd4 63. Rh8 Ra5 64. Rd8+ Ke5 65. Rd5+ Rxd5 66. exd5 Kxd5 67. Kg3 Ke5 68. Kg4 Kf6 69. Kf4 Ke6 70. Kg5 Kf7 71. Kf5 Ke7 72. Kg6 Kf8 73. f4 Kg8 74. f5 Kf8 75. Kf6 Kg8 76. Ke7 Kh7 77. f6 Kh8 78. f7 Kh7 79. f8=Q 1-0

[Event "December 12 Late 2023"]
[Site "https://www.chess.com"]
[Date "2023.12.12"]
[Round "5"]
[White "Liu, Casper"]
[Black "Assylov, Miras"]
[Result "1-0"]
[Board "77"]
[TimeControl "180+1"]
[WhiteFideId "1454153"]
[BlackFideId "13728873"]
[WhiteElo "2443"]
[BlackElo "2576"]
[WhiteTeam "DEN"]
[BlackTeam "KAZ"]
[WhiteClock "0:00:02"]
[BlackClock "0:00:00"]

1. f4 Nf6 2. Nf3 g6 3. e3 Bg7 4. g3 b6 5. Bg2 Bb7 6. O-O O-O 7. d3 d6 8. Nc3 Nbd7 9. Qe2 e5 10. e4 Re8 11. h3 d5 12. fxe5 dxe4 13. dxe4 Nxe5 14. Nxe5 Rxe5 15. Bf4 Re6 16. Rad1 Qe8 17. Nb5 Ba6 18. c4 Bxb5 19. cxb5 Nxe4 20. Qc4 Rc8 21. b4 g5 22. Bxc7 Nc3 23. Bc6 Qe7 24. Rd7 Ne2+ 25. Kh2 Nxg3 26. Rxe7 Nxf1+ 27. Qxf1 Rxe7 28. Bd6 Be5+ 29. Bxe5 Rxe5 30. Qf6 Re2+ 31. Kg3 Re3+ 32. Kg4 Rd3 33. Qxg5+ Kf8 34. Qh6+ Ke7 35. Kf5 Rd6 36. Qh4+ Kf8 37. Qxh7 Rcd8 38. Qh8+ Ke7 39. Qh4+ Kf8 40. Qh8+ Ke7 41. Qe5+ Kf8 42. h4 Rh6 43. Kg4 Rdd6 44. h5 Rde6 45. Qb8+ Kg7 46. Qf4 Ref6 47. Qg5+ Kf8 48. Qe5 Rd6 49. a4 Rhf6 50. Kg5 Rh6 51. Qe8+ Kg7 52. Qe7 Rdf6 53. Qxa7 Re6 54. Qa6 Re5+ 55. Kf4 Rhxh5 56. Qxb6 Rhf5+ 57. Kg4 Rg5+ 58. Kf4 Rgf5+ 59. Kg3 Rg5+ 60. Kf2 Rg6 61. Qd4 Rf6+ 62. Kg2 Rg5+ 63. Kh3 Rh5+ 64. Kg4 Rh6 65. Be4 1-0

[Event "December 12 Late 2023"]
[Site "https://www.chess.com"]
[Date "2023.12.12"]
[Round "5"]
[White "Lopusiewicz, Piotr"]
[Black "Perea Fruet, Lorenzo"]
[Result "0-1"]
[Board "78"]
[TimeControl "180+1"]
[WhiteFideId "1116029"]
[BlackFideId "24595870"]
[WhiteElo "2442"]
[BlackElo "2571"]
[WhiteTeam "POL"]
[BlackTeam "ESP"]
[WhiteClock "0:00:12"]
[BlackClock "0:00:07"]

1. d4 b6 2. e4 Bb7 3. Bd3 e6 4. Nf3 Nf6 5. Qe2 d5 6. e5 Ne4 7. Nbd2 Nxd2 8. Bxd2 c5 9. c3 Be7 10. h4 a5 11. Bb5+ Bc6 12. Bd3 Bb7 13. h5 h6 14. Bb5+ Bc6 15. Bd3 Bb7 16. O-O Ba6 17. Bxa6 Rxa6 18. c4 O-O 19. cxd5 Qxd5 20. Rfd1 c4 21. Rac1 b5 22. a4 Rc8 23. b3 Rac6 24. axb5 Qxb5 25. Ra1 Bb4 26. Bf4 Qd5 27. Nd2 Bxd2 28. bxc4 Rxc4 29. Qxd2 Nc6 30. Be3 Nb4 31. Bxh6 gxh6 32. Ra3 Kh7 33. Qf4 Qd7 34. Rg3 Rg8 35. Qe4+ Kh8 36. Qf4 Rxg3 37. Qxh6+ Kg8 38. fxg3 Qd8 39. Rf1 Qxd4+ 40. Kh2 Qxe5 41. Rf4 Rxf4 42. gxf4 Qg7 43. Qg5 Qxg5 44. fxg5 a4 45. h6 a3 46. g6 fxg6 47. Kg3 Kh7 48. Kg4 a2 49. Kg5 a1=Q 50. Kf4 Qd4+ 51. Kf3 Qd5+ 52. Ke2 Qxg2+ 53. Ke3 Qg5+ 54. Ke4 Qf5+ 55. Kd4 Kxh6 56. Kc4 g5 57. Kb3 g4 58. Kxb4 g3 0-1

[Event "December 12 Late 2023"]
[Site "https://www.chess.com"]
[Date "2023.12.12"]
[Round "5"]
[White "Bold, Andre"]
[Black "Espinoza Villanueva, Rodrigo"]
[Result "0-1"]
[Board "79"]
[TimeControl "180+1"]
[WhiteFideId "16208471"]
[BlackFideId "5140188"]
[WhiteElo "2441"]
[BlackElo "2566"]
[WhiteTeam "GER"]
[BlackTeam "MEX"]
[WhiteClock "0:00:00"]
[BlackClock "0:00:16"]

1. Nf3 Nf6 2. g3 d5 3. Bg2 g6 4. O-O Bg7 5. d4 O-O 6. Ne5 Nfd7 7. Nxd7 Qxd7 8. Na3 c6 9. e3 Qc7 10. c4 Be6 11. cxd5 Bxd5 12. Bd2 Bxg2 13. Kxg2 h5 14. Bc3 Nd7 15. Nc4 h4 16. Qg4 hxg3 17. hxg3 c5 18. Rac1 Rad8 19. d5 Bxc3 20. Rxc3 Nf6 21. Qh4 Rxd5 22. g4 Qc6 23. f3 Rfd8 24. Rc2 b5 25. Rh1 Kf8 26. Qh6+ Ke8 27. e4 bxc4 28. exd5 Nxd5 29. Qh8+ Kd7 30. Qe5 e6 31. Rxc4 Qd6 32. Qxd6+ Kxd6 33. Re1 g5 34. Rc2 Rb8 35. Rd2 a5 36. Rc1 Rb4 37. a3 Rb3 38. Rc4 Kc6 39. Re4 Nf4+ 40. Kg3 Nd3 41. Re3 c4 42. Rc2 Kd5 43. Re4 Nxb2 44. Rd2+ Rd3 45. Rxd3+ Nxd3 46. Re3 Kd4 47. Re4+ Kc3 48. Kg2 Kb3 49. Kf1 c3 50. Re3 Nb2 51. Ke2 Nc4 52. Re5 Nxe5 0-1